 Dungeon Crawl Stone Soup version 0.16-a0-747-geaeaf20 (webtiles) character file.

465 RobertPalmer the Covert (level 7, -1/41 HPs)
             Began as an Octopode Ice Elementalist on Sept 23, 2014.
             Killed from afar by an orc wizard (16 damage)
             ... with a wand of fire
             ... on Level 5 of the Dungeon.
             The game lasted 00:13:00 (6524 turns).

RobertPalmer the Covert (Octopode Ice Elementalist) Turns: 6524, Time: 00:13:01

HP  -1/41        AC  1     Str 11      XL: 7   Next:  8%
MP  12/12        EV 15     Int 17      God:
Gold 255         SH  0     Dex 20      Spells:  2 memorised,  6 levels left

rFire  . . .     SeeInvis .     a - +1 cutlass (drain)
rCold  . . .     Clarity  .     (no shield)
rNeg   . . .     rCorr    .     (helmet restricted)
rPois  .         rRot     .     f - cursed amulet "Kytzewn" {rMut Str+4 Dex+5}
rElec  .         Spirit   .     j - +2 ring of evasion
SustAb .         Warding  .     (no ring)
rMut   +         Stasis   .     (no ring)
Gourm  .                        (no ring)
MR     .....                    (no ring)
                                (no ring)
                                (no ring)
                                (no ring)

@: not resistant to hostile enchantments, very stealthy
A: almost no armour, amphibious, 8 rings, constrict 8, camouflage 1, gelatinous
body 1
a: no special abilities


You were on level 5 of the Dungeon.
You were not hungry.

You visited 1 branch of the dungeon, and saw 5 of its levels.
You also visited: Ossuary.

You collected 255 gold pieces.


Innate Abilities, Weirdness & Mutations

You cannot wear most types of armour.
You are amphibious.
You can wear up to eight rings at the same time.
You can use your tentacles to constrict many enemies at once.
Your skin changes colour to match your surroundings (Stealth).
Your rubbery body absorbs attacks (AC +1).


   Skills:
 + Level 0.0 Short Blades
 - Level 2.0 Dodging
 - Level 9.8 Stealth
 - Level 2.0 Spellcasting
   Level 1.0 Conjurations
 - Level 4.0 Ice Magic


You had 6 spell levels left.
You knew the following spells:

 Your Spells              Type           Power        Failure   Level  Hunger
a - Ozocubu's Armour      Chrm/Ice       #.......     24%         3    ####...
z - Freeze                Ice            ###.         3%          1    #......

Inventory:

Hand weapons
 a - a +1 cutlass of draining (weapon)
 b - a +0 blowgun
Magical devices
 m - a wand of random effects (9)
 y - a wand of paralysis (3)
Comestibles
 c - 6 bread rations
 d - 2 beef jerkies
 A - 4 meat rations
Scrolls
 r - 2 scrolls of remove curse
 w - a scroll of teleportation
 z - a scroll of immolation {!r}
Jewellery
 f - the cursed amulet "Kytzewn" (around mantle) {rMut Str+4 Dex+5}
   (You took it off an orc on level 4 of the Dungeon)

   [amulet of resist mutation]

   It protects you from mutation.
   It affects your strength (+4).
   It affects your dexterity (+5).
   It has a curse placed upon it.
 j - a +2 ring of evasion (left tentacle)
Potions
 e - a potion of agility {unknown}
 g - a potion of heal wounds {unknown}
 h - a potion of degeneration {unknown}
 i - a potion of poison {unknown}
 k - a potion of cancellation {unknown}
 l - 2 potions of brilliance
 n - a potion of invisibility {unknown}
 o - a potion of curing {unknown}
 q - a potion of haste
 u - a potion of lignification {unknown}
 v - a potion of restore abilities {unknown}
 x - a potion of might {unknown}
Books
 p - a book of Frost

Dungeon Overview and Level Annotations

Branches:
Dungeon (5/15)             Temple (0/1) D:4

Altars:
Cheibriados
Dithmenos
Gozag
Kikubaaqudgha

.## #......##.........# ..#######
###)####.#######..#.. #.......#
##...# #..# ##.... #######.#
#..#o###.## ###..
#######.####.##.##).# ###
.....##.##...##....##
.....##....#####..#####
##.......### #......# ....#....##
##@####....# ....#.....# ##..# ##
..###.....# #..## ##
....#.....####.## #########.
....#..........## ##.........
.#..#...<.##....##### #..######..
.#........#####.##..###.#######..
##.........).....................
.#........#######....##########..


You could see an orc wizard.


Message History

You constrict the crimson imp. The crimson imp hits you.
You barely miss the crimson imp.
The crimson imp is heavily wounded.
You constrict the crimson imp. The crimson imp hits you.
The crimson imp closely misses you.
You barely miss the crimson imp. You squeeze the crimson imp.
The crimson imp is almost dead.
The crimson imp hits you.
Aiming: Freeze
Aim: a crimson imp (almost dead, constricted by you)
You freeze the crimson imp.
The crimson imp is frozen!
You kill the crimson imp!
You have reached level 7!
The orc barely misses you. The orc hits you with a fine trident!
You are electrocuted!
* * * LOW HITPOINT WARNING * * *
Aiming: Freeze
Aim: an orc, wielding a fine trident {elec} You freeze the orc.
You kill the orc!
You don't know that spell.
Things that are here:
a fine trident {elec}; 4 gold pieces; an orc corpse
Okay, then.
The orc wizard shouts!
The orc wizard gestures wildly while chanting.
The orc wizard blinks!
The orc wizard zaps a wand.
The bolt of fire hits you!
You die...

Action                   |  1- 3 |  4- 6 |  7- 9 || total
-------------------------+-------+-------+-------++-------
Melee: Unarmed           |    86 |       |       ||    86
       Short sword       |     7 |     1 |       ||     8
       Dagger            |       |   122 |       ||   122
       Cutlass           |       |    17 |       ||    17
 Cast: Freeze            |    25 |    35 |     2 ||    62
       Ozocubu's Armour  |       |     1 |       ||     1
Evoke: Wand              |       |    18 |       ||    18
  Use: Scroll            |       |     8 |       ||     8
       Potion            |       |     1 |       ||     1
 Stab: Sleeping          |     5 |    23 |       ||    28
  Eat: Chunk             |     4 |    14 |       ||    18

Vault maps used:
D:1:      eino_arrival_water_star, minmay_misc_feat_x, minmay_newt_pond
D:2:      first_bread
D:3:      kennysheep_goblin_castle
D:4:      grunt_gozag_statues, grunt_temple_overflow_open,
          minmay_temple_entry_statues, kennysheep_small_square,
          uniq_blork_the_orc
D:5:      lemuel_crystal_altar, xom_confusion_cloud, overflow_temple_1_default,
          nicolae_ossuary_entry_ruins, hangedman_decor_push
Ossuary:  ossuary_tomb_3

Notes
Turn   | Place    | Note
--------------------------------------------------------------
     0 | D:1      | RobertPalmer, the Octopode Ice Elementalist, began the quest for the Orb.
     0 | D:1      | Reached XP level 1. HP: 11/11 MP: 3/3
   484 | D:1      | Reached XP level 2. HP: 13/17 MP: 1/4
   927 | D:1      | HP: 1/17 [hobgoblin/club (3)]
  1074 | D:1      | Reached skill level 4 in Ice Magic
  1402 | D:1      | Reached XP level 3. HP: 21/21 MP: 6/6
  1407 | D:1      | Learned a level 3 spell: Ozocubu's Armour
  1417 | D:1      | Reached skill level 3 in Stealth
  1971 | D:2      | Reached skill level 4 in Stealth
  2044 | D:2      | Reached XP level 4. HP: 23/27 MP: 7/7
  2520 | D:3      | Noticed a giant frog
  2527 | D:3      | Killed a giant frog
  2527 | D:3      | Reached skill level 6 in Stealth
  2527 | D:3      | Reached XP level 5. HP: 20/31 MP: 2/9
  3721 | D:3      | Noticed Ijyb
  3773 | D:3      | Killed Ijyb
  4121 | D:3      | Reached skill level 7 in Stealth
  4556 | D:4      | Found a staircase to the Ecumenical Temple.
  4588 | D:4      | Found an opulent altar of Gozag.
  4639 | D:4      | Reached XP level 6. HP: 22/36 MP: 2/10
  4745 | D:4      | Found a snail-covered altar of Cheibriados.
  4748 | D:4      | Found an ancient bone altar of Kikubaaqudgha.
  4846 | D:4      | Noticed Blork the orc
  4857 | D:4      | Killed Blork the orc
  4857 | D:4      | Reached skill level 8 in Stealth
  5412 | D:4      | Got a steaming platinum amulet
  5813 | D:5      | Entered Level 5 of the Dungeon
  5912 | D:5      | Found a shadowy altar of Dithmenos.
  6076 | D:5      | Reached skill level 9 in Stealth
  6094 | D:5      | Found a sand-covered staircase.
  6117 | Ossuary  | Entered an ossuary
  6187 | Ossuary  | Identified the amulet "Kytzewn" {rMut Str+4 Dex+5} (You took it off an orc on level 4 of the Dungeon)
  6488 | D:5      | Reached XP level 7. HP: 37/41 MP: 10/12
  6524 | D:5      | Killed from afar by an orc wizard

Vanquished Creatures
  Blork the orc (D:4)
  A giant frog (D:3)
  A crimson imp (D:5)
  A hound (D:5)
  An iguana (D:5)
  A worker ant (D:4)
  Ijyb (D:3)
  A mummy (Ossuary)
  A worker ant zombie (D:5)
  4 adders
  2 giant mites (D:3)
  2 shadow imps (D:5)
  2 worms
  A giant gecko (D:3)
  2 oozes
  4 orcs
  6 giant cockroaches
  25 goblins
  10 hobgoblins
  9 jackals
  A ball python (D:4)
  12 bats
  9 giant newts
  A gnoll zombie (Ossuary)
  6 kobolds
  An orc zombie (Ossuary)
  5 quokkas
  6 rats
117 creatures vanquished.

Vanquished Creatures (others)
  A worker ant (D:5)
  An adder (D:5)
  An orc (D:5)
  4 rats (D:5)
7 creatures vanquished.

Grand Total: 124 creatures vanquished
